 Dungeon Crawl Stone Soup version 0.30.1-11-g7821555f0a (webtiles) character file.

Game seed: 7807599986329326472

433 Peloso the Slasher (level 6, 0/53 HPs)
             Began as a Minotaur Fighter on Nov 5, 2023.
             Slain by a shadow imp (3 damage)
             ... on level 5 of the Dungeon.
             The game lasted 00:04:00 (2904 turns).

Peloso the Slasher (Minotaur Fighter)               Turns: 2904, Time: 00:04:01

Health: 0/53       AC:  7    Str: 18 (20) XL:     6   Next: 67%
Magic:  5/5        EV:  9    Int:  4 (5)  God:
Gold:   241        SH:  4    Dex:  9 (12) Spells: 5/5 levels left

rFire   . . .        a - +0 long sword
rCold   . . .        c - +0 buckler
rNeg    . . .        b - +0 scale mail
rPois   .            (helmet restricted)
rElec   .            (no cloak)
rCorr   .            (no gloves)
SInv    .            (no boots)
Will    .....        (no amulet) Stlth
                     (no ring)
HPRegen 0.28/turn    (no ring)
MPRegen 0.09/turn

%: no passive effects
@: no status effects
A: horns 2, retaliatory headbutt
a: no special abilities


You were on level 5 of the Dungeon.
You visited 1 branch of the dungeon, and saw 5 of its levels.

You collected 241 gold pieces.

Inventory:

Hand Weapons
 a - a +0 long sword (weapon)
Armour
 b - a +0 scale mail (worn)
 c - a +0 buckler (worn)
Wands
 j - a wand of paralysis (6)
Scrolls
 e - 2 scrolls of butterflies {unknown}
 f - a scroll of noise {unknown}
 g - 2 scrolls of brand weapon {unknown}
 h - a scroll of identify
 i - 2 scrolls of blinking {unknown}
 n - a scroll of fear {unknown}
 o - a scroll of vulnerability {unknown}
 p - a scroll of teleportation {unknown}
 q - a scroll of fog {unknown}
Potions
 d - a potion of might
 k - a potion of haste
 l - 2 potions of lignification
 r - a potion of resistance


   Skills:
 + Level 4.7 Fighting
 + Level 5.3 Long Blades
 + Level 5.1 Armour
 + Level 1.6 Dodging
 + Level 1.4 Stealth
 + Level 5.0 Shields
 + Level 0.3 Evocations


You had 5 spell levels left.
You didn't know any spells.
Your spell library contained the following spells:

 Spells                   Type           Power      Damage    Failure   Level
 Poisonous Vapours        Pois/Air       0%         N/A       97%         2
 Mephitic Cloud           Conj/Pois/Air  0%         N/A       99%         3
 Ozocubu's Armour         Ice            0%         N/A       99%         3
 Freezing Cloud           Conj/Ice/Air   0%         6-21      100%        5
 Ozocubu's Refrigeration  Ice            0%         4d7       100%        7


Dungeon Overview and Level Annotations

Branches:
Dungeon (5/15)
 Temple: D:4-7

Altars:
Uskayaw


Innate Abilities, Weirdness & Mutations

You have a pair of horns on your head.
You reflexively headbutt those who attack you in melee.


Message History

You kill the orc!
The orc barely misses you.
Unknown command.
You hit the orc but do no damage.
Unknown command.
You hit the orc. You headbutt the orc.
You kill the orc!
You hit the orc but do no damage. The orc hits you with a +0 short sword.
* * * LOW HITPOINT WARNING * * *
You slash the orc! Your headbutt misses the orc.
The orc is almost dead.
The shadow imp shouts, "Scamper away, thou unmuzzled toad-spotted vassal!"
The orc hits you with a +0 short sword.
* * * LOW HITPOINT WARNING * * *
You closely miss the orc. You headbutt the orc.
You kill the orc!
You hit the shadow imp.
The shadow imp is moderately wounded.
The shadow imp closely misses you. The shadow imp gestures at you.
Pain shoots through your body!
* * * LOW HITPOINT WARNING * * *
You hit the shadow imp but do no damage.
Your headbutt misses the shadow imp.
The shadow imp is moderately wounded.
The shadow imp hits you.
* * * LOW HITPOINT WARNING * * *
Okay, then.
You hit the shadow imp but do no damage.
The shadow imp is moderately wounded.
The shadow imp barely misses you.
Unknown command.
You closely miss the shadow imp.
The shadow imp is moderately wounded.
The shadow imp barely misses you.
Unknown command.
You barely miss the shadow imp.
The shadow imp is moderately wounded.
The shadow imp hits you.
You die...

#### #..###
##.o5@# ##
###...#####.## #.o
#<.....###...#....
##.....#...)o.o...
###......o)5#....
##.....#.o# .
#......#..#
#......##.o.
#........ 5...


You could see a shadow imp and an orc.

Vanquished Creatures
  Sigmund (D:3)
  2 orc priests (D:5)
  4 iguanas
  An orc wizard (D:5)
  2 adders (D:3)
  A dart slug (D:1)
  A worm (D:3)
  8 orcs (D:5)
  3 ball pythons
  4 bats
  4 endoplasms (D:1)
  2 giant cockroaches
  4 hobgoblins (D:1)
  2 jackals (D:3)
  2 kobolds
  3 quokkas
  2 frilled lizards
  11 goblins
  3 rats (D:1)
60 creatures vanquished.

Notes
Turn   | Place    | Note
-------+----------+-------------------------------------------
     0 | D:1      | Peloso the Minotaur Fighter began the quest for the Orb.
     0 | D:1      | Reached XP level 1. HP: 19/19 MP: 0/0
   180 | D:1      | Reached XP level 2. HP: 27/27 MP: 1/1
   839 | D:2      | Reached XP level 3. HP: 32/33 MP: 2/2
   952 | D:2      | Found a faded altar of an unknown god.
  1486 | D:3      | Noticed Sigmund
  1500 | D:3      | Killed Sigmund
  1501 | D:3      | Reached skill level 1 in Dodging
  1501 | D:3      | Reached skill level 1 in Stealth
  1501 | D:3      | Reached XP level 4. HP: 29/41 MP: 3/3
  1501 | D:3      | Reached XP level 5. HP: 33/47 MP: 4/4
  2200 | D:4      | Noticed a +0 dagger
  2200 | D:4      | Noticed a +0 dagger
  2200 | D:4      | Found a hide-covered altar of Uskayaw.
  2412 | D:4      | Reached XP level 6. HP: 5/53 MP: 5/5
  2826 | D:5      | Entered Level 5 of the Dungeon
  2844 | D:5      | Reached skill level 5 in Long Blades
  2859 | D:5      | Reached skill level 5 in Armour
  2859 | D:5      | Reached skill level 5 in Shields
  2871 | D:5      | HP: 2/53 [orc priest/divine providence (14)]
  2901 | D:5      | HP: 2/53 [shadow imp (3)]
  2904 | D:5      | Slain by a shadow imp

Illustrated notes

Levels and vault maps discovered:
D:1:      dpeg_arrival_round_c, layout_loops_ring
D:2:      layout_basic, shapermc_ecumenical_altar_gd
D:3:      layout_basic, uniq_sigmund
D:4:      layout_rooms, dancing_weapons_uskayaw
D:5:      layout_cave_pools, cheibrodos_sewer_entry_bend, minmay_mini_ossuary,
          uniq_duvessa, uniq_eustachio

Skill      XL: |  1  2  3  4  5  6 |
---------------+-------------------+-----
Shields        | 4 5 |  5.0
Armour         | 4 5 |  5.1
Fighting       | 4 |  4.7
Long Blades    | 4 5 |  5.3
Dodging        | 1 |  1.6
Stealth        | 1 |  1.4
Evocations     | |  0.3

Action                     |  1- 3 |  4- 6 || total
---------------------------+-------+-------++-------
  Melee: Long sword        |    65 |   105 ||   170
         Headbutt          |    12 |    22 ||    34
  Evoke: Wand              |     2 |       ||     2
    Use: Potion            |     1 |     5 ||     6
         Scroll            |       |     3 ||     3
   Stab: Paralysed         |     4 |       ||     4
 Armour: Scale mail        |    26 |    35 ||    61
  Dodge: Dodged            |    21 |    43 ||    64
  Block: Buckler           |    18 |    22 ||    40
